 Dungeon Crawl Stone Soup version 0.30-a0-571-gdf30a72648 (webtiles) character file.

Game seed: 8619788707290741528

20689 bmack86 the Severer (level 12, -15/110 HPs)
             Began as a Minotaur Fighter on Dec 29, 2022.
             Was a High Priest of Okawaru.
             Killed from afar by a bog body (33 damage)
             ... with a bolt of cold
             ... on level 3 of the Lair of Beasts.
             The game lasted 00:45:06 (14176 turns).

bmack86 the Severer (Minotaur Fighter)             Turns: 14176, Time: 00:45:07

Health: -15/110    AC: 18    Str: 29    XL:     12   Next: 47%
Magic:  15/15      EV:  8    Int:  7    God:    Okawaru [*****.]
Gold:   230        SH:  9    Dex: 14    Spells: 11/11 levels left

rFire   . . .      SeeInvis +    a - +0 war axe
rCold   . . .      Faith    .    w - +2 buckler of a wizard's laboratory {rN+ Int+2}
rNeg    + . .      Spirit   .    z - +0 chain mail
rPois   .          Reflect  .    I - +0 hat "Ufuraox" {Rampage Fly}
rElec   .          Harm     .    q - +1 cloak
rCorr   .          Rampage  +    f - +2 pair of gloves
Will    +....                    (no boots) Stlth
                                 (no amulet)
HPRegen 0.38/turn                K - ring of Twilight {Will+ Str+4 Dex+3 SInv}
MPRegen 0.14/turn                m - +4 ring of slaying

@: flying
A: horns 2, retaliatory headbutt
a: Renounce Religion, Heroism, Finesse, Duel


You were on level 3 of the Lair of Beasts.
You worshipped Okawaru.
Okawaru was extremely pleased with you.
You visited 3 branches of the dungeon, and saw 15 of its levels.

You collected 771 gold pieces.
You spent 541 gold pieces at shops.

Inventory:

Hand Weapons
 a - a +0 war axe (weapon)
 J - a +0 hand axe
 N - a +5 battleaxe of flaming
Missiles
 s - 31 poisoned darts (quivered)
 v - 2 throwing nets
 A - 6 boomerangs
 G - a curare-tipped dart
Armour
 f - a +2 pair of gloves (worn)
 q - a +1 cloak (worn)
 w - the +2 buckler of a wizard's laboratory (worn) {rN+ Int+2}
   (You found it on level 4 of the Dungeon)

   Int:       It affects your intelligence (+2).
   rN:        It protects you from negative energy.
 z - a +0 chain mail (worn)
 I - the +0 hat "Ufuraox" (worn) {Rampage Fly}
   (Okawaru gifted it to you on level 3 of the Lair of Beasts)

   Fly:       It grants you flight.
   Rampage:   It bestows one free step when moving towards enemies.
Jewellery
 b - a ring of protection from fire
 c - a +6 ring of strength
 g - a +6 ring of intelligence
 m - a +4 ring of slaying (right hand)
 p - a ring of willpower
 D - a +5 ring of evasion
 E - a ring of ice
 K - the ring of Twilight (left hand) {Will+ Str+4 Dex+3 SInv}
   (You found it on level 3 of the Lair of Beasts)

   [ring of willpower]

   Str:       It affects your strength (+4).
   Dex:       It affects your dexterity (+3).
   SInv:      It lets you see invisible.
   Will:      It increases your willpower.
 M - a ring of wizardry
Wands
 k - a wand of mindburst (6)
 u - a wand of polymorph (10)
 x - a wand of iceblast (10)
 y - a wand of quicksilver (2)
 L - a wand of flame (8)
Scrolls
 e - 7 scrolls of teleportation
 i - 2 scrolls of fog
 j - 3 scrolls of amnesia
 B - a scroll of magic mapping
 C - 2 scrolls of blinking
 O - a scroll of fear
 P - a scroll of silence
 Q - 2 scrolls of enchant weapon
Potions
 d - 5 potions of might
 h - 2 potions of flight
 l - 12 potions of curing
 n - 2 potions of attraction
 o - a potion of mutation
 r - 2 potions of resistance
 t - 4 potions of brilliance
 H - a potion of berserk rage


   Skills:
 + Level 11.4 Fighting
 * Level 15.2 Axes
 + Level 2.0 Throwing
 + Level 11.3 Armour
 + Level 11.4 Shields
 + Level 5.5 Invocations


You had 11 spell levels left.
You didn't know any spells.
Your spell library contained the following spells:

 Spells                   Type           Power      Damage    Failure   Level
 Beastly Appendage        Tmut           0%         N/A       91%         1
 Magic Dart               Conj           0%         1d3       91%         1
 Shock                    Conj/Air       0%         1d3       91%         1
 Cigotuvi's Dreadful Rot  Necr/Pois/Air  0%         N/A       97%         2
 Poisonous Vapours        Pois/Air       0%         N/A       97%         2
 Searing Ray              Conj           0%         2d4       97%         2
 Static Discharge         Conj/Air       0%         2-2/arc   97%         2
 Wereblood                Tmut           0%         N/A       97%         2
 Mephitic Cloud           Conj/Pois/Air  0%         N/A       100%        3
 Spider Form              Tmut/Pois      0%         N/A       100%        3
 Swiftness                Air            0%         N/A       100%        3
 Vhi's Electric Charge    Tloc/Air       0%         N/A       100%        3
 Airstrike                Air            0%         2d(0-16)  100%        4
 Fulminant Prism          Conj/Hex       0%         3d5       100%        4
 Iskenderun's Mystic Bla  Conj/Tloc      0%         2d3       100%        4
 Passage of Golubria      Tloc           0%         N/A       100%        4
 Arcjolt                  Conj/Air       0%         1d10      100%        5
 Lightning Bolt           Conj/Air       0%         1d11      100%        5
 Silence                  Hex/Air        0%         N/A       100%        5
 Lehudib's Crystal Spear  Conj/Erth      0%         10d2      100%        8
 Maxwell's Capacitive Co  Air            0%         ∞         100%        8
 Call Canine Familiar     Summ           Unusable   N/A       N/A         3
 Spellforged Servitor     Conj/Summ      Unusable   N/A       N/A         7

Dungeon Overview and Level Annotations

Branches:
Dungeon (11/15)            Temple (1/1) D:6            Lair (3/5) D:8
  Swamp (0/4) Lair:3        Snake (0/4) Lair:2          Orc (0/2) D:9

Altars:
Ashenzari
Cheibriados
Dithmenos
Elyvilon
Fedhas
Gozag
Hepliaklqana
Kikubaaqudgha
Makhleb
Nemelex Xobeh
Okawaru
Qazlal
Ru
Sif Muna
Trog
Uskayaw
Vehumet
Wu Jian
Xom
Yredelemnul
Zin
The Shining One

Shops:
D:6 (

Annotations:
D:7 3 runed translucent doors, Uzeprotekshun's ghost, novice DjCA


Innate Abilities, Weirdness & Mutations

You have a pair of horns on your head.
You reflexively headbutt those who attack you in melee.


Message History

Okawaru accepts your kill.
You hit the yak. You block the yak's attack.
Things that are here:
a yak corpse; a wolf corpse You completely miss the yak.
You headbutt the yak.
The yak is lightly wounded.
The yak barely misses you. You furiously retaliate!
You headbutt the yak! You slice the yak!!
The yak is almost dead.
You slash the yak!
You kill the yak!
Okawaru accepts your kill.
You now have 230 gold pieces (gained 19).
Your hands slow down.
Found a scroll of enchant weapon.
You feel like a meek peon again.
Q - 2 scrolls of enchant weapon (gained 1)
Found a sling.
Found a stone staircase leading down.
Found a wand of quicksilver (3).
A bog body comes into view.
Found a staircase to the Swamp.
You rampage towards the bog body!
Found a wand of flame (8).
The bog body touches you! The bog body freezes you!
You closely miss the bog body. The bog body touches you!
The bog body freezes you!
You slice the bog body!!
The bog body is heavily damaged.
The bog body touches you! The bog body freezes you!!
* * * LOW HITPOINT WARNING * * *
You slice the bog body!! Your headbutt misses the bog body.
The bog body is almost destroyed.
The bog body gestures at you while chanting.
You feel yourself slow down.
Your magical effects are unravelling.
You feel magically purged.
You feel yourself speed up.
The bog body gestures at you while chanting.
The bolt of cold hits you!!
You die...

#.....§§§§
#../.§§§..
#....~§§...
#...♣§§~♣..
#...§§§♣~..
#...§♣§§~..
#..n.~~~...
#..@..§./..
#..........
#..........
#..........
#........... .....~~
##............
...#~≈ #....>..)...
.#.....#
##......#...
#.#.....
##....PP....##.....#


You could see a bog body.

Vanquished Creatures
  A centaur warrior (D:10)
  A two-headed ogre (D:10)
  12 elephants (Lair:2)
  3 black mambas (Lair:1)
  2 gargoyles (D:10)
  A kobold demonologist (D:10)
  3 cane toads
  An unseen horror (D:10)
  3 trolls
  10 blink frogs
  5 wyverns
  A wraith (D:9)
  18 yaks
  A steam dragon (D:10)
  2 nagas (Lair:2)
  11 water moccasins
  Duvessa (D:7)
  3 orc warriors
  3 ice beasts (D:6)
  A black bear (D:6)
  A sky beast (D:7)
  3 wolves (Lair:3)
  4 ogres
  3 centaurs (D:5)
  A phantom (D:5)
  3 kobold brigands
  9 bullfrogs
  5 necrophages
  5 scorpions
  2 gnoll sergeants
  Dowan (D:7)
  3 wights (D:8)
  11 killer bees (D:8)
  2 howler monkeys
  2 electric eels (Lair:1)
  2 gnoll boudas
  5 hounds (D:5)
  4 jellies
  2 orc priests
  4 orc wizards
  5 iguanas
  20 gnolls
  13 adders
  A shadow imp (D:5)
  An ufetubus (D:7)
  3 worms
  4 dart slugs
  18 orcs
  10 ball pythons
  2 bats
  5 endoplasms
  13 goblins
  2 hobgoblins
  18 kobolds
  4 quokkas
  2 frilled lizards
  3 rats
  A fire vortex (Lair:3)
280 creatures vanquished.

Vanquished Creatures (others)
  14 fungi
  30 plants
44 creatures vanquished.

Grand Total: 324 creatures vanquished

Notes
Turn   | Place    | Note
-------+----------+-------------------------------------------
     0 | D:1      | bmack86 the Minotaur Fighter began the quest for the Orb.
     0 | D:1      | Reached XP level 1. HP: 19/19 MP: 0/0
    49 | D:1      | Found a faded altar of an unknown god.
   214 | D:1      | Reached XP level 2. HP: 16/27 MP: 1/1
   273 | D:1      | Reached skill level 3 in Axes
   945 | D:1      | Found a blossoming altar of Fedhas.
  1295 | D:2      | Reached XP level 3. HP: 33/33 MP: 2/2
  1908 | D:3      | Reached XP level 4. HP: 40/40 MP: 3/3
  2111 | D:4      | Noticed a necrophage
  2115 | D:3      | Killed a necrophage
  2116 | D:3      | Reached skill level 4 in Axes
  2116 | D:3      | Reached XP level 5. HP: 41/47 MP: 4/4
  2250 | D:5      | Entered Level 5 of the Dungeon
  2261 | D:5      | Reached skill level 5 in Axes
  2279 | D:5      | Reached XP level 6. HP: 47/55 MP: 5/5
  2280 | D:5      | Reached skill level 5 in Armour
  2390 | D:6      | Reached skill level 5 in Fighting
  2390 | D:6      | Reached skill level 5 in Shields
  2418 | D:6      | Found a bloodstained altar of Trog.
  2439 | D:6      | Found a staircase to the Ecumenical Temple.
  2439 | D:6      | Noticed an ice beast
  2453 | D:6      | Killed an ice beast
  2454 | D:6      | Reached skill level 6 in Axes
  2459 | Temple   | Entered the Ecumenical Temple
  2668 | Temple   | Became a worshipper of Warmaster Okawaru
  2723 | D:6      | Reached XP level 7. HP: 56/61 MP: 6/6
  3141 | D:4      | Identified the +2 buckler of a wizard's laboratory {rN+
                  | Int+2}
  3396 | D:5      | Reached * piety under Okawaru
  3397 | D:5      | Reached skill level 7 in Axes
  3417 | D:5      | Reached XP level 8. HP: 23/70 MP: 7/7
  4093 | D:5      | Reached skill level 8 in Axes
  4160 | D:5      | Identified the +8 shortbow of Spite {heavy, Int+4}
  4301 | D:5      | Reached ** piety under Okawaru
  4371 | D:5      | Reached skill level 9 in Axes
  4371 | D:5      | Reached skill level 1 in Invocations
  4444 | D:5      | Reached XP level 9. HP: 65/79 MP: 9/9
  4476 | D:5      | Noticed a troll
  4486 | D:5      | Killed a troll
  4499 | D:5      | Identified the +6 mace of the Desolation of Salt {heavy,
                  | *Noise Fragile Str+8}
  4939 | D:6      | Found a snail-covered altar of Cheibriados.
  5013 | D:6      | Found Zuapioni's Hydra Hut.
  5024 | D:6      | Noticed a six-headed hydra
  5754 | D:7      | Reached skill level 10 in Axes
  5859 | D:7      | Found a runed translucent gate.
  5859 | D:7      | Found a runed translucent gate.
  5859 | D:7      | Found a runed translucent gate.
  5860 | D:7      | Noticed Uzeprotekshun's ghost (novice DjCA)
  6135 | D:7      | Reached *** piety under Okawaru
  6247 | D:7      | Noticed Duvessa
  6247 | D:7      | Noticed Dowan
  6254 | D:7      | Killed Duvessa
  6255 | D:7      | Killed Dowan
  6744 | D:8      | Reached XP level 10. HP: 75/88 MP: 11/11
  6749 | D:8      | Found a staircase to the Lair.
  6927 | D:8      | Reached skill level 11 in Axes
  8235 | D:9      | Found a staircase to the Orcish Mines.
  8404 | D:9      | Reached **** piety under Okawaru
  8419 | D:9      | Reached skill level 12 in Axes
  8800 | D:9      | Reached skill level 5 in Invocations
  8854 | D:10     | Entered Level 10 of the Dungeon
  8915 | D:10     | Reached ***** piety under Okawaru
  9156 | D:10     | Noticed a centaur warrior
  9156 | D:10     | Noticed a gargoyle
  9164 | D:10     | Killed a centaur warrior
  9165 | D:10     | Reached XP level 11. HP: 74/97 MP: 10/13
  9749 | D:10     | Noticed a two-headed ogre
  9766 | D:10     | Killed a two-headed ogre
  9809 | D:10     | Reached skill level 13 in Axes
 10384 | Lair:1   | Entered Level 1 of the Lair of Beasts
 10610 | Lair:1   | Reached skill level 10 in Armour
 10610 | Lair:1   | Reached skill level 10 in Shields
 10687 | Lair:1   | Reached skill level 10 in Fighting
 10809 | Lair:1   | Identified the +12 whip "Ufraleaho" {antimagic, Dex+2}
 11392 | D:6      | Bought a +5 battleaxe of flaming for 541 gold pieces
 11592 | Lair:1   | You fall into a shaft and drop 1 floor!
 12871 | Lair:2   | Reached skill level 14 in Axes
 13062 | Lair:2   | Reached XP level 12. HP: 61/108 MP: 12/14
 13136 | Lair:2   | Found a staircase to the Snake Pit.
 13284 | Lair:2   | Reached skill level 1 in Throwing
 13292 | Lair:2   | Got the Meditations on Friendly Direction
 13425 | Lair:2   | Identified the +1 scale mail "Alissut" {rN++ Str+2}
 13716 | Lair:3   | Reached skill level 15 in Axes
 14034 | Lair:3   | Identified the +0 hat "Ufuraox" {Rampage Fly} (Okawaru
                  | gifted it to you on level 3 of the Lair of Beasts)
 14034 | Lair:3   | Received a gift from Okawaru
 14050 | Lair:3   | Identified the ring of Twilight {Will+ Str+4 Dex+3 SInv}
 14169 | Lair:3   | Found a staircase to the Swamp.
 14176 | Lair:3   | Killed from afar by a bog body

Illustrated notes

Levels and vault maps discovered:
D:1:      dpeg_arrival_water_altar, layout_basic,
          hellmonk_ecumenical_altar_pennies_from_heaven, st_stairs_6
D:2:      kennysheep_the_goblin_king, layout_loops_ring,
          small_statue_intersection
D:3:      layout_rooms
D:4:      layout_basic
D:5:      kennysheep_windowed_halls, layout_basic
D:6:      layout_loops_ring, general_overflow_altar,
          mainiacjoe_overflow_alcove_1, temple_green, doesnt_shop_hydraphobe
D:7:      layout_basic, gammafunk_ghost_necromancy, nicolae_benzene_ring,
          uniq_duvessa
D:8:      layout_loops_corners, grunt_lair_entry_orc_guard_hut,
          grunt_ministairs_8
D:9:      layout_loops_ring, orc_0_dummy
D:10:     layout_stronghold, st_stairs_5
D:11:     layout_basic
Temple:   nicolae_temple_slightly_damp_pantheon
Lair:1:   layout_long_grid, infiniplex_staircase_pool, serial_bayou_shore_a
Lair:2:   layout_long_grid, guppyfry_snake_entry_island,
          chequers_serial_rivers_micro_d, cheibrodos_lair_caveside_slide
Lair:3:   layout_gridlike, skrybe_swamp_entry_bodies, grunt_megastairs_3

Skill      XL: |  1  2  3  4  5  6  7  8  9 10 11 12 |
---------------+-------------------------------------+-----
Axes           | 3 4 5 6 7 9 10 12 14 15 | 15.2
Armour         | 4 5 6 7 8 9 10 11 | 11.3
Shields        | 4 5 6 7 8 9 10 11 | 11.4
Fighting       | 4 5 6 7 8 9 10 11 | 11.4
Invocations    | 1 3 5 |  5.5
Throwing       | 2 |  2.0

Action                   |  1- 3 |  4- 6 |  7- 9 | 10-12 || total
-------------------------+-------+-------+-------+-------++-------
Melee: War axe           |    73 |    62 |   218 |   409 ||   762
       Headbutt          |    10 |     8 |    45 |   101 ||   164
Throw: Dart              |       |     2 |       |     6 ||     8
Invok: Heroism           |       |       |     5 |    10 ||    15
       Finesse           |       |       |       |     5 ||     5
  Use: Scroll            |     8 |     6 |     6 |     8 ||    28
       Potion            |       |       |     1 |     3 ||     4
Armor: Scale mail        |    48 |    46 |    52 |       ||   146
       Chain mail        |       |       |    59 |   240 ||   299
Dodge: Dodged            |    44 |    44 |    85 |   141 ||   314
Block: Buckler           |    14 |    21 |    85 |   166 ||   286

Table legend: (Time is in decaauts)
 A = Elapsed time spent in this place.
 B = Non-inter-level travel time spent in this place.
 C = Inter-level travel time spent in this place.
 D = Time resting spent in this place.
 E = Time spent auto-exploring this place.
 F = Levels seen in this place.
 G = Mean time per level.
                   A        B        C        D        E       F      G
               +--------+--------+--------+--------+--------+-----+--------+
         Total |  14185 |  13460 |    725 |   1500 |   5461 |  15 |  945.7 |
       Dungeon |  10354 |   9743 |    611 |    562 |   4605 |  11 |  941.3 |
        Temple |    246 |    246 |      0 |      0 |    181 |   1 |  246.0 |
          Lair |   3584 |   3470 |    114 |    938 |    674 |   3 | 1194.7 |
               +--------+--------+--------+--------+--------+-----+--------+

Top non-repeatable levels by time:
  Lair:1: 1888 daAuts
     D:5: 1805 daAuts
    D:10: 1469 daAuts
     D:8: 1414 daAuts
  Lair:2: 1200 daAuts
     D:7: 1137 daAuts
     D:1: 1032 daAuts
     D:9: 851 daAuts
     D:6: 829 daAuts
     D:4: 685 daAuts
     D:2: 662 daAuts
  Lair:3: 495 daAuts
     D:3: 458 daAuts
  Temple: 246 daAuts
    D:11: 7 daAuts
